 Dungeon Crawl Stone Soup version 0.27.1-3-gb3d3a73c9e (webtiles) character file.

Game seed: 8526124601136028407

1 earthworldpsion the Grave Robber (level 1, 0/13 HPs)
             Began as a Human Necromancer on Oct 18, 2021.
             Slain by a jackal (1 damage)
             ... on level 1 of the Dungeon.
             The game lasted 00:00:23 (31 turns).

earthworldpsion the Grave Robber (Human Necromancer)  Turns: 31, Time: 00:00:23

Health: 0/13       AC:  2    Str:  8    XL:     1   Next: 22%
Magic:  0/3        EV: 12    Int: 15    God:
Gold:   0          SH:  0    Dex: 13    Spells: 3/4 levels left

rFire    . . .     SeeInvis .   (no weapon)
rCold    . . .     Faith    .   (no shield)
rNeg     . . .     Spirit   .   a - +0 robe
rPois    .         Reflect  .   (no helmet)
rElec    .         Harm     .   (no cloak)
rCorr    .         Rampage  .   (no gloves)
Will     .....                  (no boots)
Stlth    ++........             (no amulet)
HPRegen  0.04/turn              (no ring)
MPRegen  0.08/turn              (no ring)

@: no status effects
A: no striking features
a: no special abilities


You were on level 1 of the Dungeon.
You visited 1 branch of the dungeon, and saw 1 of its levels.

Inventory:

Armour
 a - a +0 robe (worn)


   Skills:
 + Level 2.0 Dodging
 + Level 2.0 Stealth
 + Level 2.0 Spellcasting
 + Level 4.0 Necromancy


You had 3 spell levels left.
You knew the following spells:

 Your Spells              Type           Power      Damage    Failure   Level
a - Pain                  Necr           52%        1d6       4%          1

Your spell library contained the following spells:

 Spells                   Type           Power      Damage    Failure   Level
 Animate Skeleton         Necr           26%        N/A       4%          1
 Vampiric Draining        Necr           6%         2d6       13%         3
 Animate Dead             Necr           6%         N/A       38%         4
 Agony                    Necr           13%        N/A       75%         5


Dungeon Overview and Level Annotations

Branches:
Dungeon (1/15)

Altars:


Message History

You closely miss the jackal.
The jackal is moderately wounded.
Your magical contamination has completely faded away.
You closely miss the jackal. The jackal bites you.
The jackal barely misses you. The jackal closely misses you.
You hit the jackal but do no damage. The jackal bites you.
The jackal barely misses you.
You closely miss the jackal. The jackal closely misses you.
The jackal bites you but does no damage.
The jackal barely misses you.
You hit the jackal but do no damage. The jackal closely misses you. x3
You miss the jackal.
The jackal is lightly wounded.
The jackal barely misses you.
The jackal bites you but does no damage.
You hit the jackal but do no damage.
The jackal is lightly wounded.
The jackal bites you. x2; The jackal barely misses you.
The jackal misses you.
You closely miss the jackal.
The jackal is lightly wounded.
The jackal closely misses you. The jackal barely misses you.
You barely miss the jackal. The jackal barely misses you.
The jackal misses you. The jackal closely misses you.
You completely miss the jackal. You hit the jackal but do no damage.
The jackal is lightly wounded.
The jackal bites you.
* * * LOW HITPOINT WARNING * * *
The jackal barely misses you.
Aiming: Pain (safe; 4% risk of failure)
Press: ? - help, Q - select action Shift-Dir - straight line, f/p - jackal
Aim: a jackal (lightly wounded, chance to affect: 83%)
The jackal writhes in agony.
The jackal closely misses you. The jackal bites you.
* * * LOW HITPOINT WARNING * * *
The jackal bites you but does no damage.
The jackal barely misses you.
You don't have enough magic to cast this spell.
You barely miss the jackal. The jackal bites you.
You die...

####..##.#
#.....##.#
####.8....#.#
#≈≈≈........#
#≈≈§≈.......##
#>§≈≈.<8..8..#####.#
#≈≈≈≈..............#
#≈≈≈........######.#
####.8(...h@#
#......#h######.
......##hh.h.h..
...#############.
###.


You could see 4 jackals.

Vanquished Creatures
  A ball python (D:1)
1 creature vanquished.

Notes
Turn   | Place    | Note
-------+----------+-------------------------------------------
     0 | D:1      | earthworldpsion the Human Necromancer began the quest for
                  | the Orb.
     0 | D:1      | Reached XP level 1. HP: 13/13 MP: 3/3
    31 | D:1      | Slain by a jackal

Illustrated notes

Levels and vault maps discovered:
D:1:      grunt_arrival_lava_bath, layout_loops_ring, serial_shops, shop,
          minmay_misc_feat_enclosed, minmay_misc_feat_tiny, minmay_misc_feat_x,
          serial_bayou_lagoon_b

Action                   || total
-------------------------++-------
Melee: Unarmed           ||    13
 Cast: Pain              ||     3
Armor: Robe              ||     3
Dodge: Dodged            ||    21
